 Dungeon Crawl Stone Soup version 0.29-a0-319-gad05b8d819 (webtiles) character file.

Game seed: 9833349125114532436

1110 avis the Insei (level 7, -1/85 HPs)
             Began as a Demigod Transmuter on Apr 2, 2022.
             Slain by an orc warrior
             ... wielding a +0 dire flail
              (5 damage)
             ... on level 6 of the Dungeon.
             The game lasted 00:31:39 (5686 turns).

avis the Insei (Demigod Transmuter)                 Turns: 5686, Time: 00:31:39

Health: -1/85      AC: 27    Str: 15    XL:     7   Next: 86%
Magic:  10/13      EV:  2    Int: 15    God:
Gold:   270        SH:  0    Dex: 23    Spells: 0/10 levels left

rFire   + . .      SeeInvis .   a - +10 dagger of avis's Evisceration {freeze, rF+ rCorr Dex+5}
rCold   . . .      Faith    .   (no shield)
rNeg    . . .      Spirit   .   (body armour currently unavailable)
rPois   +          Reflect  .   (helmet currently unavailable)
rElec   .          Harm     .   (cloak currently unavailable)
rCorr   +          Rampage  .   (gloves currently unavailable)
Will    .....      NoTele   +   (boots currently unavailable)
Stlth   ++........              (no amulet)
HPRegen 0.24/turn               o - +4 ring of evasion
MPRegen 0.13/turn               i - +4 ring of protection

@: tree-form, very slightly contaminated
A: stationary, stasis, torment immunity, boosted hp, high MP 1, forlorn, divine
attributes
a: no special abilities


You were on level 6 of the Dungeon.
You were a tree.
You visited 1 branch of the dungeon, and saw 6 of its levels.
You also visited: Sewer.

You collected 270 gold pieces.

Inventory:

Hand Weapons
 a - the +10 dagger of avis's Evisceration (weapon) {freeze, rF+ rCorr Dex+5}
   (You found it on level 2 of the Dungeon)

   It freezes those it strikes, dealing additional cold damage.
   It can also slow down cold-blooded creatures.
   Dex:       It affects your dexterity (+5).
   rF:        It protects you from fire.
   rCorr:     It protects you from acid and corrosion.
 t - a +0 quick blade
 y - a +0 hunting sling
 F - a +0 dagger of draining
 S - a +2 vampiric dagger
 T - a +0 dagger of draining
Missiles
 d - 218 stones
 g - 6 boomerangs
 p - 4 poisoned darts
 B - 2 boomerangs of dispersal
Armour
 l - a +0 helmet
 r - a +0 robe (melded)
 u - a +0 scale mail of fire resistance
 w - a +0 scale mail of cold resistance
 A - a +4 chain mail
 O - a +2 hat (melded)
 U - a +0 ring mail of positive energy
Jewellery
 f - a ring of protection from fire
 i - a +4 ring of protection (right branch)
 o - a +4 ring of evasion (left branch)
 x - a ring of protection from fire
 Q - a ring of see invisible
 R - a +4 ring of protection
Wands
 P - a wand of mindburst (6)
Scrolls
 c - 9 scrolls of identify {unknown}
 e - 3 scrolls of teleportation {unknown}
 k - a scroll of silence {unknown}
 n - 2 scrolls of fog {unknown}
 q - a scroll of vulnerability {unknown}
 C - 2 scrolls of summoning {unknown}
 G - 3 scrolls of amnesia {unknown}
 I - 2 scrolls of immolation {unknown}
 J - a scroll of blinking {unknown}
 K - a scroll of enchant weapon {unknown}
 L - a scroll of torment {unknown}
 N - a scroll of enchant armour {unknown}
Potions
 b - 3 potions of lignification
 h - 2 potions of magic {unknown}
 j - 4 potions of curing {unknown}
 m - 5 potions of mutation {unknown}
 s - 2 potions of heal wounds {unknown}
 v - a potion of haste {unknown}
 z - 2 potions of degeneration {unknown}
 D - a potion of flight {unknown}
 E - 3 potions of might {unknown}
 H - a potion of invisibility {unknown}
 M - a potion of cancellation {unknown}


   Skills:
 - Level 3.0 Fighting
 - Level 2.0 Dodging
 - Level 2.0 Stealth
 * Level 5.6 Unarmed Combat
 - Level 2.0 Spellcasting
 - Level 4.0 Transmutations
 - Level 4.0 Ice Magic
 - Level 2.0 Poison Magic


You couldn't memorise any spells.
You knew the following spells:

 Your Spells              Type           Power      Damage    Failure   Level
a - Beastly Appendage     Tmut           26%        N/A       4%          1
e - Wereblood             Tmut           13%        N/A       6%          2
p - Spider Form           Tmut/Pois      10%        N/A       19%         3
q - Ice Form              Ice/Tmut       13%        N/A       38%         4

Your spell library contained the following spells:

 Spells                   Type           Power      Damage    Failure   Level
 Summon Small Mammal      Summ           4%         N/A       22%         1
 Call Canine Familiar     Summ           1%         N/A       54%         3
 Portal Projectile        Hex/Tloc       2%         N/A       54%         3
 Summon Guardian Golem    Hex/Summ       1%         N/A       54%         3
 Leda's Liquefaction      Hex/Erth       0%         N/A       91%         4
 Summon Lightning Spire   Summ/Air       1%         N/A       91%         4
 Storm Form               Tmut/Air       3%         N/A       100%        7
 Maxwell's Capacitive Co  Air            0%         ∞         100%        8


Dungeon Overview and Level Annotations

Branches:
Dungeon (6/15)              Sewer (visited)
 Temple: D:4-7

Shops:
D:3 (   D:6 *

Annotations:
D:3 3 runed translucent doors, Cecur's ghost, amateur OpFE


Innate Abilities, Weirdness & Mutations

You are a tree.
Your roots penetrate the ground, keeping you stationary.
You cannot be teleported.
You are immune to unholy pain and torment.
Your maximum health is greatly increased.
Your equipment is partially melded.
You have an increased reservoir of magic. (+10% MP)
You shall have no god before yourself.
Your divine heritage dramatically boosts your attributes as you level up.


Message History

The orc warrior is heavily wounded.
You hit the orc warrior. You freeze the orc warrior. You claw the orc warrior.
The orc warrior is severely wounded.
You closely miss the orc warrior.
You claw the orc warrior, but do no damage.
Your headbutt misses the orc warrior.
The orc warrior is severely wounded.
The orc warrior hits you with a +0 dire flail!
The orc priest hits you with a +0 club.
* * * LOW HITPOINT WARNING * * *
You puncture the orc priest! You freeze the orc priest.
You kill the orc priest!
The orc warrior barely misses you.
Your transformation is almost over.
The orc warrior attacks as you move away!
The orc warrior completely misses you.
The orc warrior attacks as you move away!
The orc warrior barely misses you.
Casting: Beastly Appendage (safe; 4% risk of failure)
Confirm with . or Enter, or press ? or * to list all spells.
You miscast Spider Form.
You are very lightly contaminated with residual magic.
Nothing appears to happen.
The orc warrior misses you.
You hit the orc warrior but do no damage.
Your kick misses the orc warrior. Your punch misses the orc warrior.
The orc warrior is severely wounded.
The orc warrior barely misses you.
You hit the orc warrior but do no damage.
You claw the orc warrior, but do no damage.
Your headbutt misses the orc warrior.
The orc warrior is severely wounded.
The orc warrior hits you with a +0 dire flail!
* * * LOW HITPOINT WARNING * * *
Really quaff the potion of lignification?
Your horns disappear.
Your talons disappear.
Your +2 hat unmelds from your body.
You turn into a tree.
Your +2 hat melds into your body.
Your +0 robe melds into your body.
Your roots penetrate the ground.
The orc warrior hits you with a +0 dire flail.
You die...

##########
#..........#
.<........
#.#..<....##.#
)#########
######............#
..#
###.......8...∩...8##
..#
#..................#
......
.#.............>..#
.......
####...###.......#
.##.###
###.#......8....# .#
.# #.♣.#...........#
.. ..
#o####........### #..
. ##o#############
#... #....#######
#..........#
#....#####. #).....#
#.....#)#
........#...


You could see an orc warrior and an orc.

Vanquished Creatures
  A water moccasin (D:6)
  An ice beast (D:6)
  A phantom (D:5)
  A bullfrog (D:6)
  A necrophage (D:5)
  A scorpion (D:4)
  2 hounds
  A jelly (D:4)
  2 orc priests
  3 iguanas
  Ijyb (D:5)
  Terence (D:3)
  3 orc wizards
  12 adders
  5 gnolls
  3 white imps
  An ufetubus (D:4)
  3 worms
  A dart slug (D:1)
  17 orcs
  13 ball pythons
  6 endoplasms
  6 giant cockroaches
  6 goblins
  3 hobgoblins
  A quokka (D:1)
  7 bats
  2 frilled lizards
  8 kobolds
  14 rats
127 creatures vanquished.

Notes
Turn   | Place    | Note
-------+----------+-------------------------------------------
     0 | D:1      | avis the Demigod Transmuter began the quest for the Orb.
     0 | D:1      | Reached XP level 1. HP: 15/15 MP: 5/5
    32 | D:1      | Reached skill level 1 in Fighting
    38 | D:1      | Reached skill level 3 in Unarmed Combat
   201 | D:1      | Reached XP level 2. HP: 20/23 MP: 7/7
   838 | D:2      | Reached XP level 3. HP: 29/29 MP: 6/8
   841 | D:2      | Reached skill level 1 in Poison Magic
  1473 | D:2      | Identified the +10 dagger of avis's Evisceration {freeze,
                  | rF+ rCorr Dex+5}
  1653 | D:2      | Reached XP level 4. HP: 36/36 MP: 9/9
  1818 | D:3      | Noticed Terence
  1818 | D:3      | Found a runed translucent gate.
  1818 | D:3      | Found a runed translucent gate.
  1818 | D:3      | Found a runed translucent gate.
  1825 | D:3      | Killed Terence
  2021 | D:3      | Noticed a bullfrog
  2024 | D:3      | Noticed Cecur's ghost (amateur OpFE)
  2217 | D:3      | Learned a level 3 spell: Spider Form
  2262 | D:3      | Found Ycamogea's Antique Weapon Boutique.
  2539 | D:3      | Reached skill level 4 in Unarmed Combat
  2736 | D:3      | Reached XP level 5. HP: 28/42 MP: 8/10
  3001 | D:4      | Found a glowing drain.
  3028 | Sewer    | Entered a sewer
  3205 | Sewer    | Reached XP level 6. HP: 51/51 MP: 11/11
  3335 | Sewer    | Learned a level 4 spell: Ice Form
  3426 | D:4      | Reached skill level 5 in Unarmed Combat
  3496 | D:4      | Reached skill level 1 in Ice Magic
  3589 | D:4      | Noticed a spectral centipede
  3589 | D:4      | Noticed a spectral black mamba
  3589 | D:4      | Noticed a spectral cane toad
  4030 | D:5      | Entered Level 5 of the Dungeon
  4450 | D:5      | Noticed Ijyb
  4457 | D:5      | Killed Ijyb
  4687 | D:5      | Reached XP level 7. HP: 54/57 MP: 13/13
  4690 | D:5      | Learned a level 2 spell: Wereblood
  5110 | D:5      | Noticed an angel
  5413 | D:6      | Reached skill level 1 in Stealth
  5448 | D:6      | Found Neademm's General Store.
  5684 | D:6      | HP: 2/57 [orc warrior/+0 dire flail (17)]
  5686 | D:6      | Slain by an orc warrior

Illustrated notes

Levels and vault maps discovered:
D:1:      onia_arrival_pyramid, layout_rooms,
          shapermc_ecumenical_altar_notcrosses
D:2:      layout_loops_ring, corexii_hall_statues_t
D:3:      layout_rooms, ebering_ghost_gozag, serial_shops,
          nicolae_shop_hallway_plus, uniq_terence
D:4:      layout_basic, mainiacjoe_overflow_alcove_1,
          pdpol_wu_jian_five_deadly_venoms, gup_sewer_entry_glass
D:5:      layout_gridville, okawaru_gym_becter,
          mainiacjoe_overflow_six_doors_small, zin_angel, nrook_mini_vaults,
          uniq_ijyb
D:6:      layout_basic, kennysheep_vampire_church, serial_shops,
          nicolae_shop_hallway_plus, nicolae_stop_n_shop_1

Skill      XL: |  1  2  3  4  5  6  7 |
---------------+----------------------+-----
Fighting       | 1 2 3 |  3.0
Unarmed Combat | 3 4 5 |  5.6
Transmutations | 2 3 4 |  4.0
Dodging        | 2 |  2.0
Spellcasting   | 2 |  2.0
Poison Magic   | 2 |  2.0
Ice Magic      | 3 4 |  4.0
Stealth        | 2 |  2.0

Action                   |  1- 3 |  4- 6 |  7- 9 || total
-------------------------+-------+-------+-------++-------
Melee: Unarmed           |   104 |     3 |     7 ||   114
       Kick              |    22 |    24 |    22 ||    68
       Headbutt          |    18 |    16 |     9 ||    43
       Dagger            |     3 |   141 |    48 ||   192
       Punch             |     1 |     2 |     3 ||     6
 Cast: Beastly Appendage |    32 |    43 |     9 ||    84
       Ice Form          |       |     1 |       ||     1
       Spider Form       |       |       |     1 ||     1
  Use: Potion            |       |       |     1 ||     1
 Stab: Sleeping          |     2 |     4 |     1 ||     7
Armor: Robe              |    31 |    30 |     6 ||    67
Dodge: Dodged            |    79 |   123 |    30 ||   232

Table legend: (Time is in decaauts)
 A = Elapsed time spent in this place.
 B = Non-inter-level travel time spent in this place.
 C = Inter-level travel time spent in this place.
 D = Time resting spent in this place.
 E = Time spent auto-exploring this place.
 F = Levels seen in this place.
 G = Mean time per level.
                   A        B        C        D        E       F      G
               +--------+--------+--------+--------+--------+-----+--------+
         Total |   5762 |   5329 |    433 |   1400 |   2074 |   7 |  823.1 |
       Dungeon |   5307 |   4874 |    433 |   1334 |   2074 |   6 |  884.5 |
         Sewer |    455 |    455 |      0 |     66 |      0 |   1 |  455.0 |
               +--------+--------+--------+--------+--------+-----+--------+

Top non-repeatable levels by time:
     D:2: 1341 daAuts
     D:5: 1210 daAuts
     D:3: 992 daAuts
     D:4: 777 daAuts
     D:1: 694 daAuts
   Sewer: 455 daAuts
     D:6: 290 daAuts
